 Dungeon Crawl Stone Soup version 0.28.0-53-g5a82cb258f (webtiles) character file.

Game seed: 10777014252630147761

1537 nightchill the Cleaver (level 8, -1/74 HPs)
             Began as a Hill Orc Fighter on Aug 8, 2022.
             Slain by an orc warrior
             ... wielding a +0 halberd
              (17 damage)
             ... on level 5 of the Dungeon.
             The game lasted 00:09:08 (4992 turns).

nightchill the Cleaver (Hill Orc Fighter)           Turns: 4992, Time: 00:09:09

Health: -1/74      AC:  8    Str: 21    XL:     8   Next: 86%
Magic:  8/8        EV:  9    Int:  8    God:
Gold:   169        SH:  4    Dex: 12    Spells: 7/7 levels left

rFire   . . .      SeeInvis .   a - +0 war axe
rCold   + . .      Faith    .   c - +0 buckler
rNeg    . . .      Spirit   .   b - +0 scale mail
rPois   .          Reflect  .   p - +0 helmet of Ishraij {rC+ Regen+ Dex+2}
rElec   .          Harm     .   (no cloak)
rCorr   .          Rampage  .   (no gloves)
Will    .....                   (no boots)
Stlth   ..........              n - amulet of the acrobat
HPRegen 1.02/turn               (no ring)
MPRegen 0.11/turn               (no ring)

@: mighty
A: no striking features
a: no special abilities


You were on level 5 of the Dungeon.
You visited 1 branch of the dungeon, and saw 5 of its levels.

You collected 169 gold pieces.

Inventory:

Hand Weapons
 a - a +0 war axe (weapon)
Armour
 b - a +0 scale mail (worn)
 c - a +0 buckler (worn)
 p - the +0 helmet of Ishraij (worn) {rC+ Regen+ Dex+2}
   (You found it on level 3 of the Dungeon)

   Dex:       It affects your dexterity (+2).
   rC:        It protects you from cold.
   Regen:     It increases your rate of health regeneration.
Jewellery
 n - an amulet of the acrobat (around neck)
Wands
 h - a wand of iceblast (14)
 r - a wand of flame (18)
Scrolls
 e - a scroll of vulnerability {unknown}
 f - a scroll of fog {unknown}
 g - 4 scrolls of identify {unknown}
 j - a scroll of teleportation {unknown}
 k - a scroll of amnesia {unknown}
 m - 2 scrolls of fear {unknown}
 s - a scroll of immolation {unknown}
Potions
 i - 2 potions of degeneration {unknown}
 l - 2 potions of heal wounds {unknown}
 o - 2 potions of attraction {unknown}
 q - a potion of brilliance {unknown}
 t - a potion of lignification {unknown}


   Skills:
 + Level 8.2 Fighting
 * Level 11.7 Axes
 - Level 3.2 Armour
 - Level 3.2 Shields


You had 7 spell levels left.
You didn't know any spells.
Your spell library contained the following spells:

 Spells                   Type           Power      Damage    Failure   Level
 Corpse Rot               Necr/Air       0%         N/A       93%         2
 Poisonous Vapours        Pois/Air       0%         N/A       93%         2
 Portal Projectile        Hex/Tloc       0%         N/A       99%         3
 Blade Hands              Tmut           0%         N/A       100%        5
 Excruciating Wounds      Necr           0%         N/A       100%        5


Dungeon Overview and Level Annotations

Branches:
Dungeon (5/15)
 Temple: D:4-7

Altars:
Hepliaklqana
Makhleb

Shops:
D:1 (

Annotations:
D:3 1 runed translucent door, Kay's ghost, weakling MiMo


Message History

The orc warrior barely misses you. The adder bites you.
* * * LOW HITPOINT WARNING * * *
You feel sick.
You are no longer poisoned.
The orc shouts!
You hit the adder.
The adder is lightly wounded.
You block the adder's attack. You block the adder's attack.
You feel very mighty all of a sudden. The adder bites you.
* * * LOW HITPOINT WARNING * * *
You are poisoned.
The adder poisons you!
You miss the adder.
You feel sick. The adder barely misses you.
You closely miss the adder.
You feel sick. The adder bites you but does no damage.
You closely miss the adder.
You feel sick. The adder bites you.
* * * LOW HITPOINT WARNING * * *
The adder completely misses you.
Unknown command.
You slash the adder!
You kill the adder!
You feel sick.
You slice the orc!!
You kill the orc!
You feel sick.
You feel sick. The orc warrior misses you.
Things that are here:
a +0 short sword; a +0 ring mail You slice the orc warrior!!
The orc warrior is severely wounded.
You feel sick.
You are no longer poisoned.
The orc warrior hits you with a +0 halberd.
* * * LOW HITPOINT WARNING * * *
You closely miss the orc warrior.
The orc warrior is severely wounded.
The orc warrior hits you with a +0 halberd!
You die...

#.# #.# #.# #.#
### #.# #.. #.#
###### #.. #.#
#(...# #.. #.#
#....######.. #@#
#....+....'.)
#o####....######..
#o.†o..>..........
####o...........##
#......≈≈P..P...
#.PP.o≈≈≈≈≈≈...#
#...≈≈≈≈≈≈≈≈...#
#..o≈≈≈≈≈≈≈≈≈..#
#..≈≈≈≈≈≈≈≈S≈P.#


You could see an orc warrior and an orc.

Vanquished Creatures
  Pikel (D:4)
  Grinder (D:4)
  Menkaure (D:4)
  A sky beast (D:5)
  An ogre (D:5)
  3 lemures (D:4)
  A scorpion (D:5)
  2 howler monkeys
  3 bullfrog zombies
  3 hounds
  An orc priest (D:4)
  An iguana (D:4)
  An orc wizard (D:4)
  A hound zombie (D:5)
  A howler monkey zombie (D:5)
  8 adders
  A worm (D:2)
  A dart slug (D:4)
  15 orcs
  7 bats
  7 endoplasms
  3 giant cockroaches
  11 goblins
  5 hobgoblins
  6 kobolds
  4 quokkas
  7 ball pythons
  3 frilled lizards
  4 rats
104 creatures vanquished.

Vanquished Creatures (others)
  8 plants
8 creatures vanquished.

Grand Total: 112 creatures vanquished

Notes
Turn   | Place    | Note
-------+----------+-------------------------------------------
     0 | D:1      | nightchill the Hill Orc Fighter began the quest for the
                  | Orb.
     0 | D:1      | Reached XP level 1. HP: 19/19 MP: 1/1
    86 | D:1      | Reached skill level 3 in Axes
   118 | D:1      | Reached XP level 2. HP: 23/27 MP: 2/2
   491 | D:1      | Reached skill level 4 in Axes
   501 | D:1      | Reached XP level 3. HP: 33/33 MP: 3/3
   535 | D:1      | Found Jomea's Weapon Shop.
  1137 | D:2      | Found a faded altar of an unknown god.
  1408 | D:2      | Found a hazy altar of Hepliaklqana.
  1438 | D:2      | Reached XP level 4. HP: 20/41 MP: 4/4
  1439 | D:2      | Reached skill level 5 in Axes
  2234 | D:3      | Found a runed translucent door.
  2236 | D:3      | Noticed Kay's ghost (weakling MiMo)
  2284 | D:3      | Reached XP level 5. HP: 32/47 MP: 5/5
  3153 | D:3      | Identified the +0 helmet of Ishraij {rC+ Regen+ Dex+2}
  3260 | D:3      | Reached skill level 6 in Axes
  3273 | D:4      | Reached skill level 5 in Fighting
  3306 | D:4      | Reached XP level 6. HP: 54/56 MP: 6/6
  3324 | D:4      | Noticed Grinder
  3334 | D:4      | Paralysed by Grinder for 7 turns
  3387 | D:4      | Reached skill level 7 in Axes
  3387 | D:4      | Paralysed by Grinder for 2 turns
  3389 | D:4      | Killed Grinder
  3390 | D:4      | Reached skill level 8 in Axes
  3390 | D:4      | Reached XP level 7. HP: 62/63 MP: 7/7
  3663 | D:4      | Noticed Menkaure
  3671 | D:4      | Killed Menkaure
  3732 | D:4      | Noticed Pikel
  3837 | D:4      | Killed Pikel
  3838 | D:4      | Reached skill level 10 in Axes
  3838 | D:4      | Reached XP level 8. HP: 66/73 MP: 8/8
  3983 | D:4      | Identified the +8 chain mail of Deimmeh {Fly rElec rF+
                  | Slay-4}
  4476 | D:4      | Found a burning altar of Makhleb.
  4627 | D:5      | Entered Level 5 of the Dungeon
  4817 | D:5      | Reached skill level 11 in Axes
  4992 | D:5      | Slain by an orc warrior

Illustrated notes

Levels and vault maps discovered:
D:1:      erik_arrival_cave_to_civilisation [erik_arrival_cave_to_hall],
          layout_loops_ring, serial_shops, nicolae_shop_hallway_plus
D:2:      layout_loops_ring, hellmonk_ecumenical_altar_zigzags, basic_altar
D:3:      layout_basic, ebering_ghost_sewer_d
D:4:      layout_basic, marbit_many_paths, serial_forest,
          infiniplex_forest_lined_4_way, infiniplex_forest_end_2,
          infiniplex_forest_clump_small, infiniplex_forest_lined_3,
          infiniplex_forest_end_2, infiniplex_forest_clump_double,
          infiniplex_forest_clump_long, infiniplex_forest_lined_ring,
          infiniplex_forest_lined_room_3, uniq_pikel, uniq_menkaure,
          uniq_grinder
D:5:      layout_basic, mainiacjoe_overflow_alcove_1, guppyfry_early_lair_pool,
          uniq_duvessa

Skill      XL: |  1  2  3  4  5  6  7  8 |
---------------+-------------------------+-----
Axes           | 3 4 5 6 8 10 11 | 11.7
Fighting       | 4 5 6 7 8 |  8.2
Armour         | |  3.2
Shields        | |  3.2

Action                   |  1- 3 |  4- 6 |  7- 9 || total
-------------------------+-------+-------+-------++-------
Melee: War axe           |   114 |   138 |   142 ||   394
  Use: Potion            |       |     3 |     4 ||     7
 Stab: Invisible         |       |     1 |       ||     1
       Paralysed         |       |     1 |       ||     1
Armor: Scale mail        |    57 |    64 |    43 ||   164
Dodge: Dodged            |    59 |    50 |    53 ||   162
Block: Buckler           |    32 |    22 |    30 ||    84
